 Dungeon Crawl Stone Soup version 0.19-a0-379-ge33ada3 (console) character file.

14732 Lososik the Party-goer (level 11, -11/84 HPs)
             Began as a Demonspawn Fighter on May 30, 2016.
             Was a Follower of Ukayaw.
             Killed from afar by a manticore (14 damage)
             ... with a volley of spikes
             ... on level 11 of the Dungeon.
             The game lasted 00:52:08 (9469 turns).

Lososik the Party-goer (Demonspawn Fighter)         Turns: 9469, Time: 00:52:09

Health: -11/84     AC: 20    Str: 22    XL:     11   Next: 92%
Magic:  18/18      EV:  8    Int: 12    God:    Ukayaw [*.....]
Gold:   354        SH: 11    Dex: 13    Spells: 0 memorised, 10 levels left

rFire  + . .     SeeInvis +     t - +6 hand axe {freeze, rPois rC+ MR- Int+2}
rCold  + . .     Gourm    .     s - +2 plate armour {rF+}
rNeg   . . .     Faith    .     c - +0 shield
rPois  +         Spirit   .     w - +1 helmet
rElec  .         Dismiss  .     (no cloak)
rCorr  .         Reflect  .     u - +0 pair of gloves {Str+3}
SustAt .         Harm     .     (no boots)
MR     .....                    (no amulet)
Stlth  ..........               g - ring of flight
                                T - ring of see invisible

@: manticore barbs, invisible, not resistant to hostile enchantments, extremely
unstealthy
A: hooves 2, thin metallic scales 1, spiny 1, rot immunity
a: Stomp, Renounce Religion, Evoke Flight


You were on level 11 of the Dungeon.
You worshipped Ukayaw.
Ukayaw was aware of your devotion.
You were not hungry.

You visited 3 branches of the dungeon, and saw 15 of its levels.

You collected 592 gold pieces.
You spent 238 gold pieces at shops.

Inventory:

Hand Weapons
 a - a +0 war axe
 j - a +0 battleaxe
 t - the +6 hand axe of the Hidden Hells (weapon) {freeze, rPois rC+ MR- Int+2}
   (You acquired it on level 11 of the Dungeon)

   It has been specially enchanted to freeze those struck by it, causing extra
   injury to most foes and up to half again as much damage against particularly
   susceptible opponents.
   It can also slow down cold-blooded creatures.
   It affects your intelligence (+2).
   It protects you from cold.
   It protects you from poison.
   It affects your resistance to hostile enchantments.
 v - a +0 blowgun
Missiles
 l - 57 poisoned needles
Armour
 b - a +0 scale mail
 c - a +0 shield (worn)
 e - a +2 ring mail of magic resistance
 h - a +0 pair of gloves
 s - a +2 plate armour of fire resistance (worn)
 u - a +0 pair of gloves of strength (worn)
 w - a +1 helmet (worn)
Jewellery
 g - a ring of flight (right hand)
 I - an uncursed ring of ice
 M - a +5 ring of intelligence
 Q - an uncursed ring of stealth
 T - a ring of see invisible (left hand)
 X - an uncursed ring of ice
Wands
 D - a wand of slowing (22/48)
 N - a wand of polymorph (9/24)
 R - a wand of iceblast (8/15)
 V - a wand of lightning (7/15)
Scrolls
 d - 2 scrolls of recharging
 i - 2 scrolls of identify
 o - a scroll of blinking
 q - a scroll of acquirement
 r - 5 scrolls of remove curse
 y - 2 scrolls of enchant armour {unknown}
 z - 3 scrolls of enchant weapon {unknown}
 E - a scroll of immolation {unknown}
 H - 2 scrolls of magic mapping {unknown}
 O - a scroll of teleportation
 P - a scroll of fog
 U - a scroll of silence
Potions
 C - 2 potions of curing
 F - a potion of flight
 J - 2 potions of ambrosia
 Y - a potion of brilliance
Books
 G - a book of the Earth

   Spells                             Type                      Level
   a - Leda's Liquefaction            Hexes/Earth                  4
   b - Bolt of Magma                  Conjuration/Fire/Earth       5
   c - Statue Form                    Transmutation/Earth          6
   d - Iron Shot                      Conjuration/Earth            6
   e - Shatter                        Earth                        9
 K - a book of the Dragon

   Spells                             Type                      Level
   a - Flame Tongue                   Conjuration/Fire             1
   b - Cause Fear                     Hexes                        4
   c - Bolt of Fire                   Conjuration/Fire             6
   d - Dragon Form                    Transmutation                7
   e - Dragon's Call                  Summoning                    9
 W - a book of Geomancy

   Spells                             Type                      Level
   a - Sandblast                      Earth                        1
   b - Passwall                       Transmutation/Earth          2
   c - Stone Arrow                    Conjuration/Earth            3
   d - Petrify                        Transmutation/Earth          4
   e - Lee's Rapid Deconstruction     Earth                        5
Comestibles
 f - 12 bread rations
 k - 9 fruits
 n - 16 chunks of flesh
 p - 5 beef jerkies
 x - 10 slices of pizza
 A - 4 meat rations
 B - a royal jelly


   Skills:
 * Level 7.5 Fighting
 * Level 8.7 Axes
 * Level 7.0 Armour
 * Level 8.1 Dodging
 + Level 6.8 Shields
 * Level 10.2 Invocations
 + Level 3.3 Evocations


You had 10 spell levels left.
You didn't know any spells.

Dungeon Overview and Level Annotations

Branches:
Dungeon (11/15)            Temple (1/1) D:6            Lair (3/8) D:10
  Swamp: Lair:3-6    Shoals: Lair:3-6     Snake: Lair:3-6    Spider: Lair:3-6
    Orc: D:9-12

Altars:
Cheibriados
Dithmenos
Elyvilon
Fedhas
Gozag
Hepliaklqana
Kikubaaqudgha
Makhleb
Okawaru
Pakellas
Qazlal
Trog
Ukayaw
Zin
The Shining One

Shops:
D:4 %*?:   D:5 (   D:9 [


Innate Abilities, Weirdness & Mutations

You have hoof-like feet.
You are partially covered in thin metallic scales. (AC +2)
You are partially covered in sharp spines.
You are immune to rotting.


Message History

* * * LOW HITPOINT WARNING * * *
You see here 2 arrows.
You found a teleport trap!
The manticore flicks its tail.
The volley of spikes hits you!
The barbed spikes become lodged in your body.
* * * LOW HITPOINT WARNING * * *
Found 23 gold pieces.
There is an open door here.
The barbs in your skin will harm you if you move.
Continue?
Okay, then.
Okay, then.
You fade into invisibility!
The centaur unwields an uncursed shortbow.
The centaur hits you!
* * * LOW HITPOINT WARNING * * *
The manticore flicks its tail.
The volley of spikes hits you!
The barbed spikes become lodged in your body.
You die...

▒▒▒▒
▒▒▒▒▒▒▒▒▒▒▒▒▒▒▒∙$∙▒▒
▒∙∙∙∙∙∙∙∙∙∙∙▒∙■∙∙∙∙
▒∙▒▒▒▒▒▒▒▒▒∙▒H▒∙∙∙▒
▒▒∙▒▒▒▒▒▒▒▒▒∙▒∙▒∙∙∙▒
▒∙∙∙∙∙∙∙∙∙∙∙∙▒∙▒$∙∙▒
▒∙∙▒▒▒▒▒▒▒▒▒▒▒∙▒hh∙▒
▒))▒ ▒∙∙∙((((@c∙∙▒
▒(∙▒▒▒▒▒∙▒▒▒▒▒∙▒∙∙}▒
▒▒(∙∙∙∙∙∙∙∙∙∙∙▒∙▒^∙∙'∙∙∙
∙∙∙∙∙▒▒▒▒∙▒▒▒∙▒∙▒∙∙▒▒∙∙∙
∙▒▒∙∙▒ ▒∙▒ ▒∙▒∙▒∙∙▒ ∙∙
∙▒▒∙∙▒▒▒▒∙▒▒▒∙▒∙▒∙∙▒▒∙ ∙


[∙∙∙∙∙∙∙∙∙∙∙∙∙∙∙∙∙∙∙∙ ▒▒▒∙▒▒▒▒▒∙▒▒▒∙▒∙▒∙∙▒ ▒▒▒∙∙∙∙∙(∙∙<▒∙▒∙▒∙∙▒▒▒▒∙
∙∙∙∙∙∙∙)∙∙%∙∙∙∙∙∙∙>∙∙∙∙∙ ▒▒▒▒▒▒▒▒▒∙∙∙∙∙∙∙∙∙▒▒▒▒▒ ▒▒▒▒▒▒∙∙∙∙▒ ▒∙∙∙∙▒ ▒∙∙∙▒▒ ▒∙∙∙▒
▒▒▒▒▒ You could see a manticore, a centaur and 2 howler monkeys.

Vanquished Creatures
  Fannar (Lair:2)
  Urug (Lair:2)
  An unseen horror (D:10)
  Pikel (D:5)
  A cyclops (D:11)
  2 komodo dragons
  2 spiny frogs (Lair:1)
  A rime drake (Lair:2)
  A queen bee (D:7)
  2 trolls
  4 polar bears (Lair:1)
  2 two-headed ogres
  7 blink frogs
  5 yaks (Lair:1)
  5 hippogriffs
  A human (D:9)
  3 ogres
  A hungry ghost (D:10)
  3 water moccasins
  2 porcupines
  4 orc warriors
  2 slaves
  5 ice beasts
  7 black bears
  A sky beast (D:10)
  3 centaurs
  A wasp (D:7)
  6 crocodiles
  A big kobold (D:10)
  8 giant frogs
  7 scorpions
  3 killer bees (D:9)
  A howler monkey (D:5)
  A centaur zombie (D:7)
  3 crimson imps
  2 giant frog zombies
  2 quasits
  3 jellies
  6 hounds
  5 orc priests
  2 giant frog skeletons
  4 orc wizards
  3 centaur skeletons
  3 iguanas (D:9)
  4 worker ants
  4 sheep (D:9)
  A hound skeleton (D:5)
  A worker ant zombie (D:5)
  9 adders
  17 river rats
  3 shadow imps
  An ooze (D:6)
  An adder zombie (D:8)
  3 dart slugs
  4 giant geckos
  31 orcs
  A ball python (D:4)
  2 giant cockroaches
  2 goblins
  3 hobgoblins
  11 jackals
  3 quokkas
  2 bats (D:3)
  6 giant newts
  7 kobolds
  A quokka skeleton (D:4)
  3 rats
  A plant (D:10)
250 creatures vanquished.

Vanquished Creatures (others)
  A slave (D:6)
  A giant gecko skeleton (D:6)
  2 fungi (Lair:2)
  A plant (D:10)
5 creatures vanquished.

Grand Total: 255 creatures vanquished

Notes
Turn   | Place    | Note
--------------------------------------------------------------
     0 | D:1      | Lososik the Demonspawn Fighter began the quest for the Orb.
     0 | D:1      | Reached XP level 1. HP: 18/18 MP: 1/1
    63 | D:1      | Gained mutation: You are partially covered in thin metallic scales. (AC +2) [demonic ancestry]
    63 | D:1      | Reached XP level 2. HP: 21/24 MP: 2/2
   359 | D:3      | Reached skill level 1 in Dodging
   398 | D:3      | Gained mutation: You are immune to rotting. [demonic ancestry]
   398 | D:3      | Reached XP level 3. HP: 21/29 MP: 3/3
   562 | D:4      | Found a burning altar of Makhleb.
   653 | D:4      | Reached XP level 4. HP: 5/35 MP: 4/4
   676 | D:5      | Entered Level 5 of the Dungeon
   676 | D:5      | Found a blossoming altar of Fedhas.
   676 | D:5      | Noticed Pikel
   676 | D:5      | Noticed a slave
   676 | D:5      | Noticed a slave
   676 | D:5      | Noticed a slave
   676 | D:5      | Noticed a slave
   699 | D:4      | Killed a slave
   713 | D:4      | Found Neemnyor's Magic Scroll Emporium.
   720 | D:4      | Bought a scroll of remove curse for 30 gold pieces
   729 | D:4      | Found Eqaar's Assorted Antiques.
   839 | D:4      | Found Usanut's Book Boutique.
  1059 | D:4      | Gained mutation: You are partially covered in sharp spines. [demonic ancestry]
  1059 | D:4      | Reached XP level 5. HP: 26/41 MP: 5/5
  1093 | D:4      | Found Iteome's Food Boutique.
  1390 | D:5      | Gained mutation: You have large cloven feet. [demonic ancestry]
  1390 | D:5      | Reached XP level 6. HP: 18/47 MP: 6/6
  1763 | D:5      | Found Kaben's Weapon Emporium.
  1828 | D:5      | Killed a slave
  1836 | D:5      | Killed Pikel
  1836 | D:5      | Reached XP level 7. HP: 34/55 MP: 7/7
  1859 | D:5      | Found a glowing silver altar of Zin.
  2063 | D:4      | Bought a scroll of identify for 20 gold pieces
  2063 | D:4      | Bought a scroll of fear for 35 gold pieces
  2109 | D:6      | Reached XP level 8. HP: 43/61 MP: 8/8
  2156 | D:6      | Reached skill level 5 in Axes
  2305 | D:6      | Found a staircase to the Ecumenical Temple.
  2310 | Temple   | Entered the Ecumenical Temple
  2431 | Temple   | Became a worshipper of Ukayaw the Reveler
  2527 | D:6      | Reached * piety under Ukayaw
  2563 | D:6      | Reached skill level 1 in Invocations
  2676 | D:6      | Reached ** piety under Ukayaw
  2770 | D:6      | Found a stormy altar of Qazlal.
  2791 | D:6      | Reached skill level 2 in Invocations
  3295 | D:7      | Found a snail-covered altar of Cheibriados.
  3328 | D:7      | Noticed Prince Ribbit
  3330 | D:7      | Noticed Prince Ribbit
  3330 | D:7      | Prince Ribbit changed into Prince Ribbit the queen bee
  3352 | D:7      | Reached *** piety under Ukayaw
  3367 | D:7      | Killed Prince Ribbit the queen bee
  3367 | D:7      | Reached skill level 5 in Dodging
  3367 | D:7      | Reached skill level 5 in Shields
  3367 | D:7      | Reached skill level 3 in Invocations
  3393 | D:7      | Gained mutation: You have hoof-like feet. [demonic ancestry]
  3393 | D:7      | Reached XP level 9. HP: 25/67 MP: 11/11
  3394 | D:7      | Reached skill level 4 in Invocations
  3437 | D:7      | Reached skill level 5 in Fighting
  3911 | D:8      | Reached skill level 5 in Invocations
  4322 | D:8      | Found a glowing golden altar of the Shining One.
  4344 | D:8      | Found a glowing golden altar of the Shining One.
  4457 | D:9      | Reached skill level 6 in Invocations
  4474 | D:9      | Noticed a troll
  4488 | D:9      | Killed a troll
  4505 | D:9      | Found a bloodstained altar of Trog.
  4526 | D:9      | Found Omuapo Dibef's Antique Armour Boutique.
  4534 | D:9      | Bought a pair of embroidered gloves for 153 gold pieces
  4636 | D:9      | Reached skill level 5 in Armour
  4975 | D:9      | Reached XP level 10. HP: 75/76 MP: 15/15
  4980 | D:9      | Reached **** piety under Ukayaw
  5138 | D:9      | Reached skill level 7 in Invocations
  5164 | D:9      | Found a white marble altar of Elyvilon.
  5229 | D:10     | Entered Level 10 of the Dungeon
  5494 | D:10     | Reached skill level 1 in Evocations
  5590 | D:10     | Killed an unseen horror
  5668 | D:10     | Found a staircase to the Lair.
  5690 | Lair:1   | Entered Level 1 of the Lair of Beasts
  5710 | Lair:1   | Reached skill level 8 in Invocations
  6205 | Lair:1   | Noticed a spiny frog
  6217 | Lair:1   | Killed a spiny frog
  6403 | Lair:1   | Reached XP level 11. HP: 15/83 MP: 13/17
  6827 | Lair:1   | Reached skill level 9 in Invocations
  7528 | Lair:2   | Noticed Urug
  7758 | Lair:2   | Killed Urug
  7769 | Lair:2   | Noticed Fannar
  7808 | Lair:2   | Killed Fannar
  8387 | Lair:2   | Reached skill level 10 in Invocations
  8592 | Lair:3   | Noticed a seven-headed hydra
  9386 | D:11     | Identified 2 scrolls of acquirement
  9389 | D:11     | Got an encrusted hand axe
  9390 | D:11     | Identified the +6 hand axe of the Hidden Hells {freeze, rPois rC+ MR- Int+2} (You acquired it on level 11 of the Dungeon)
  9418 | D:11     | HP: 3/84 [orc priest/nerve-wracking pain (7)]
  9469 | D:11     | HP: 3/84 [centaur (7)]
  9469 | D:11     | Killed from afar by a manticore

Vault maps used:
D:1:      saegor_arrival_simple_e, hangedman_abyss_or_decor_stabs
D:2:      nicolae_overflow_crystal_walls, lemuel_round_altar,
          nemelex_altar_shiori, first_bread, kennysheep_potato
D:3:      serial_glass, glass_columns_c, glass_columns_b
D:4:      kennysheep_mini, serial_shops, nicolae_shop_crystal, shop, shop,
          nicolae_shop_competitors_out_of_business
D:5:      zin_treasury, fedhas_altar_2, serial_shops, shop, uniq_pikel
D:6:      grunt_qazlal_clouds, minmay_temple_entry_nine_rooms,
          serial_bayou_pond_b
D:7:      cheibriados_altar_wand_db, uniq_prince_ribbit1
D:8:      nicolae_tso_carved_into_rock, basic_altar
D:9:      lemuel_round_altar, serial_shops, shop, grunt_livestock,
          trog_three_pillars_becter
D:10:     dpeg_oklobed_lair
D:11:     uniq_erica, uniq_nergalle
Temple:   minmay_temple_forest_path_12
Lair:1:   beast_lair_carwin_large_3
Lair:2:   uniq_urug, uniq_fannar
Lair:3:   nicolae_swamp_entry_splash_gauntlet

Skill      XL: |  1  2  3  4  5  6  7  8  9 10 11 |
---------------+----------------------------------+-----
Axes           | 2 3 4 5 6 8 |  8.7
Shields        | 3 4 5 6 |  6.8
Dodging        | 1 2 4 5 6 7 8 |  8.1
Armour         | 3 4 5 7 |  7.0
Fighting       | 4 5 6 7 |  7.5
Invocations    | 3 6 8 10 | 10.2
Evocations     | 2 3 |  3.3

Action                   |  1- 3 |  4- 6 |  7- 9 | 10-12 || total
-------------------------+-------+-------+-------+-------++-------
Melee: War axe           |    16 |   114 |   240 |   463 ||   833
       Hand axe          |    63 |     2 |       |     6 ||    71
       Kick              |       |     7 |    75 |   177 ||   259
 Fire: Blowgun           |       |    14 |    46 |       ||    60
Invok: Line Pass         |       |       |     1 |     6 ||     7
       Stomp             |       |       |       |     5 ||     5
Evoke: Wand              |       |       |     5 |    19 ||    24
  Use: Scroll            |     1 |     6 |     5 |    10 ||    22
       Potion            |       |     3 |       |     6 ||     9
 Stab: Paralysed         |       |       |     8 |    32 ||    40
  Eat: Chunk             |       |     3 |     9 |    20 ||    32
       Fruit             |       |       |     2 |       ||     2
Armor: Scale mail        |    39 |    31 |       |       ||    70
       Ring mail         |       |    13 |    98 |    36 ||   147
       Plate armour      |       |       |       |   236 ||   236
       Skin              |       |       |       |     3 ||     3
Dodge: Dodged            |    22 |    46 |   136 |   184 ||   388
Block: Shield            |    38 |    77 |   146 |   314 ||   575
